 Dungeon Crawl Stone Soup version 0.19.1-1-g22dce08 (webtiles) character file.

5122 M4edhros the Covert (level 10, 0/68 HPs)
             Began as an Octopode Artificer on Dec 31, 2016.
             Was an Initiate of Gozag.
             Slain by an ice beast (14 damage)
             ... on level 9 of the Dungeon.
             The game lasted 00:11:51 (8854 turns).

M4edhros the Covert (Octopode Artificer)            Turns: 8854, Time: 00:11:52

Health: 0/68       AC:  1    Str: 16    XL:     10   Next: 58%
Magic:  12/12      EV: 17    Int: 14    God:    Gozag
Gold:   512        SH:  0    Dex: 15    Spells: 0 memorised, 9 levels left

rFire  . . .     SeeInvis .     e - +1 dagger (speed)
rCold  . . .     Gourm    +     (no shield)
rNeg   . . .     Faith    .     (helmet restricted)
rPois  .         Spirit   .     x - amulet "Bywkuew" {Gourm rElec Str+4 Slay+4}
rElec  +         Reflect  .     (no ring)
rCorr  .         Harm     .     (no ring)
MR     .....                    (no ring)
Stlth  +++++++...               (no ring)
                                (no ring)
                                (no ring)
                                (no ring)
                                (no ring)

@: starving
A: almost no armour, stealthy swim, amphibious, 8 rings, constrict 8, camouflage
1, gelatinous body 1
a: Potion Petition, Call Merchant, Bribe Branch, Renounce Religion


You were on level 9 of the Dungeon.
You worshipped Gozag.
Gozag was pleased with you.
You were starving.

You visited 2 branches of the dungeon, and saw 10 of its levels.

You collected 1459 gold pieces.
You spent 66 gold pieces at shops.
You paid 881 gold pieces to Gozag.

Inventory:

Hand Weapons
 a - a +0 short sword
 e - a +1 dagger of speed (weapon)
 A - a +0 hunting sling
Missiles
 D - 35 sling bullets
 F - 284 stones (quivered)
Jewellery
 j - an uncursed amulet of rage
 x - the amulet "Bywkuew" (around mantle) {Gourm rElec Str+4 Slay+4}
   (You found it on level 5 of the Dungeon)

   [amulet of the gourmand]

   It allows you to eat raw meat even when not hungry.
   It affects your strength (+4).
   It affects your accuracy and damage with ranged weapons and melee attacks
   (+4).
   It insulates you from electricity.
 y - a cursed ring of loudness {unknown}
 E - an uncursed ring of resist corrosion {unknown}
 K - an uncursed ring of stealth {unknown}
 Q - the ring "Qaomn" {MR+ Str+7, unknown}
   (You found it on level 7 of the Dungeon)

   [ring of protection from magic]

   It affects your strength (+7).
   It affects your resistance to hostile enchantments.
Wands
 b - a wand of flame (7/48)
 c - a wand of enslavement (15/24)
 d - a wand of random effects (14/48)
 p - a wand of teleportation (3/9)
 u - a wand of digging (13/24)
Scrolls
 i - a scroll of recharging {unknown}
 k - a scroll of enchant armour {unknown}
 m - 2 scrolls of teleportation
 o - 2 scrolls of fear
 s - a scroll of enchant weapon {unknown}
 w - 3 scrolls of remove curse
 B - a scroll of amnesia {unknown}
 J - a scroll of immolation {unknown}
 L - 2 scrolls of blinking
 N - a scroll of magic mapping {unknown}
 O - 4 scrolls of identify
 R - a scroll of holy word {unknown}
Potions
 g - 4 potions of haste
 l - 5 potions of heal wounds
 n - a potion of curing {unknown}
 q - 3 potions of degeneration {unknown}
 t - 2 potions of agility {unknown}
 v - a potion of brilliance {unknown}
 C - a potion of lignification
 G - a potion of mutation {unknown}
 H - a potion of magic {unknown}
 I - 2 potions of berserk rage {unknown}
 P - a potion of flight {unknown}
Books
 h - a book of Battle

   Spells                             Type                      Level
   a - Infusion                       Charms                       1
   b - Shroud of Golubria             Charms/Translocation         2
   c - Song of Slaying                Charms                       2
   d - Spectral Weapon                Hexes/Charms                 3
   e - Regeneration                   Charms/Necromancy            3
 r - a book of Maledictions

   Spells                             Type                      Level
   a - Corona                         Hexes                        1
   b - Ensorcelled Hibernation        Hexes/Ice                    2
   c - Confuse                        Hexes                        3
   d - Tukima's Dance                 Hexes                        3
   e - Dazzling Spray                 Conjuration/Hexes            3
Comestibles
 f - a slice of pizza
 z - 13 fruits
 M - 4 meat rations


   Skills:
 + Level 6.1 Fighting
 - Level 1.0 Short Blades
 * Level 6.4 Slings
 + Level 6.8 Dodging
 + Level 14.3 Stealth
 - Level 3.2 Evocations


You had 9 spell levels left.
You didn't know any spells.

Dungeon Overview and Level Annotations

Branches:
Dungeon (9/15)             Temple (1/1) D:6
   Lair: D:8-11         Orc: D:9-12

Altars:
Ashenzari
Gozag
Hepliaklqana
Kikubaaqudgha
Makhleb
Okawaru
Qazlal
Ru
Sif Muna
Trog
Vehumet
Yredelemnul
Zin
The Shining One

Shops:
D:6 ?   D:7 =!


Innate Abilities, Weirdness & Mutations

You cannot wear most types of armour.
You are very stealthy in the water. (Stealth+)
You are amphibious.
You can wear up to eight rings at the same time.
You can use your tentacles to constrict eight enemies at once.
Your skin changes colour to match your surroundings (Stealth+).
Your rubbery body absorbs attacks. (AC +1, EV +1)


Message History

The ice beast misses you.
You hit the ice beast.
You squeeze the ice beast, but do no damage.
The ice beast is severely wounded.
You are starving!
The ice beast hits you. The ice beast freezes you!
You hit the ice beast.
The ice beast is almost dead.
You hit the ice beast but do no damage.
You squeeze the ice beast, but do no damage.
The ice beast is almost dead.
The ice beast hits you. The ice beast freezes you!
* * * LOW HITPOINT WARNING * * *
You closely miss the ice beast. Your squeeze misses the ice beast.
The ice beast is almost dead.
The ice beast hits you.
* * * LOW HITPOINT WARNING * * *
The ice beast freezes you!
You die...
Your body crumbles into a pile of gold.

#.......######..........
..#....)................
##......................
(.......<....<..........
..###....#####..........
.. #....# #..........
#....# #?.........
#....# #......<.. #....#
#@..##### #.........Y..#
.............#
..........# .######...#
#...# $ #...# ....#


You could see an ice beast.

Vanquished Creatures
  Erica (D:9)
  Pikel (D:7)
  The ghost of M4edhros the Covert, an amateur OpAr (D:4)
  Sigmund (D:5)
  A water moccasin (D:8)
  2 sky beasts (D:8)
  2 ogres
  An ice beast (D:7)
  3 phantoms
  3 slaves (D:7)
  5 centaurs
  A big kobold (D:7)
  6 bullfrogs
  A wyvern zombie (D:8)
  6 scorpions
  9 killer bees (D:7)
  4 howler monkeys
  2 crimson imps (D:7)
  A bullfrog zombie (D:6)
  A centaur zombie (D:8)
  4 hounds
  A jelly (D:8)
  A gnoll shaman (D:8)
  3 orc priests
  9 orc wizards
  2 bullfrog skeletons (D:5)
  Ijyb (D:2)
  An iguana (D:4)
  3 worker ants
  A hound skeleton (D:6)
  Robin (D:2)
  8 adders
  7 gnolls
  An adder skeleton (D:5)
  8 worms
  4 dart slugs (D:1)
  5 leopard geckos
  16 orcs
  9 giant cockroaches
  18 goblins
  11 hobgoblins
  18 jackals
  3 quokkas
  8 bats
  8 frilled lizards
  16 kobolds
  9 rats
228 creatures vanquished.

Vanquished Creatures (others)
  A slave (D:7)
  A big kobold (D:7)
  A bullfrog zombie (D:7)
  A kobold (D:7)
4 creatures vanquished.

Grand Total: 232 creatures vanquished

Notes
Turn   | Place    | Note
-------+----------+-------------------------------------------
     0 | D:1      | M4edhros the Octopode Artificer began the quest for the Orb.
     0 | D:1      | Reached XP level 1. HP: 13/13 MP: 3/3
    43 | D:1      | Reached skill level 2 in Stealth
    88 | D:1      | Reached XP level 2. HP: 18/18 MP: 4/4
    95 | D:1      | Reached skill level 3 in Stealth
   326 | D:1      | Reached skill level 4 in Stealth
   426 | D:1      | Reached XP level 3. HP: 18/23 MP: 5/5
   431 | D:2      | Noticed Robin
   892 | D:3      | Reached skill level 5 in Stealth
   942 | D:4      | Reached XP level 4. HP: 28/28 MP: 6/6
  1021 | D:4      | Reached skill level 6 in Stealth
  1021 | D:4      | Reached XP level 5. HP: 31/33 MP: 7/7
  1029 | D:4      | Noticed M4edhros's ghost (amateur OpAr)
  1030 | D:4      | Noticed a phantom
  1550 | D:5      | Entered Level 5 of the Dungeon
  1566 | D:5      | Reached skill level 7 in Stealth
  1601 | D:5      | Found a glowing drain.
  1626 | D:5      | Reached skill level 8 in Stealth
  1687 | D:5      | Noticed an ogre
  1694 | D:5      | Killed an ogre
  1694 | D:5      | Reached skill level 9 in Stealth
  1694 | D:5      | Reached XP level 6. HP: 38/38 MP: 8/8
  1791 | D:5      | Got a fine bronze amulet
  2003 | D:5      | Noticed Sigmund
  2006 | D:5      | Killed Sigmund
  2006 | D:5      | Reached skill level 10 in Stealth
  2006 | D:5      | Reached XP level 7. HP: 43/43 MP: 9/9
  2259 | D:4      | Reached skill level 11 in Stealth
  2383 | D:4      | Killed M4edhros's ghost
  2383 | D:4      | Reached skill level 12 in Stealth
  2383 | D:4      | Reached XP level 8. HP: 48/48 MP: 10/10
  3043 | D:6      | Found a radiant altar of Vehumet.
  3103 | D:6      | Found a staircase to the Ecumenical Temple.
  3117 | Temple   | Entered the Ecumenical Temple
  3125 | Temple   | Became a worshipper of Gozag Ym Sagoz the Greedy
  3640 | D:2      | Killed Robin
  3957 | D:2      | Noticed Ijyb
  3966 | D:2      | Killed Ijyb
  5387 | D:6      | Reached skill level 13 in Stealth
  5519 | D:6      | Reached XP level 9. HP: 56/58 MP: 11/11
  5532 | D:6      | Found Hionnir's Magic Scroll Shoppe.
  5540 | D:6      | Bought a scroll of identify for 24 gold pieces
  5540 | D:6      | Bought a scroll of fear for 42 gold pieces
  5540 | D:6      | Identified the amulet "Bywkuew" {Gourm rElec Str+4 Slay+4} (You found it on level 5 of the Dungeon)
  5921 | D:7      | Reached skill level 1 in Slings
  6170 | D:7      | Found Potel's Distillery.
  6201 | D:7      | Reached skill level 5 in Dodging
  6702 | D:7      | Noticed Pikel
  6943 | D:7      | Killed Pikel
  6943 | D:7      | Reached skill level 5 in Fighting
  7325 | D:8      | Reached XP level 10. HP: 23/66 MP: 12/12
  7525 | D:8      | Reached skill level 5 in Slings
  7614 | D:8      | Found a deep blue altar of Sif Muna.
  7830 | D:8      | Reached skill level 14 in Stealth
  8640 | D:7      | Got a fine silver ring
  8816 | D:9      | Noticed Erica
  8818 | D:9      | Killed Erica
  8854 | D:9      | Slain by an ice beast

Skill      XL: |  1  2  3  4  5  6  7  8  9 10 |
---------------+-------------------------------+-----
Stealth        | 2 4 5 6 9 10 12 13 14 | 14.3
Fighting       | 3 5 6 |  6.1
Dodging        | 4 6 |  6.8
Slings         | 4 6 |  6.4
Short Blades   | |  1.0
Evocations     | |  3.2

Action                   |  1- 3 |  4- 6 |  7- 9 | 10-12 || total
-------------------------+-------+-------+-------+-------++-------
Melee: Short sword       |    13 |       |       |       ||    13
       Constrict         |    14 |    13 |    69 |    19 ||   115
       Tentacles         |     5 |     9 |    91 |    37 ||   142
       Dagger            |    44 |    53 |   388 |   104 ||   589
 Fire: Hunting sling     |       |       |    61 |       ||    61
Invok: Call Merchant     |       |       |     1 |       ||     1
 Abil: Evoke Berserk Rag |       |     2 |     7 |       ||     9
Evoke: Wand              |     2 |     5 |     2 |       ||     9
  Use: Scroll            |       |       |     8 |       ||     8
       Potion            |       |       |     4 |     1 ||     5
 Stab: Sleeping          |    12 |    10 |    29 |     4 ||    55
       Distracted        |       |       |     4 |       ||     4
  Eat: Chunk             |       |     5 |     8 |       ||    13
       Pizza             |       |       |     2 |       ||     2
       Meat ration       |       |       |     1 |       ||     1
       Royal jelly       |       |       |     1 |       ||     1
       Bread ration      |       |       |     1 |     1 ||     2
Armor: Skin              |     4 |     4 |    85 |     2 ||    95
Dodge: Dodged            |    24 |    15 |   190 |    49 ||   278
